 Dungeon Crawl Stone Soup version 0.32-a0-814-g0968bab981 (webtiles) character file.

Game seed: 7076259839085766401

152 cforsyth the Chopper (level 5, -18/46 HPs)
             Began as a Mountain Dwarf Cinder Acolyte on Mar 22, 2024.
             Was a High Priest of Ignis.
             Killed by an exploding gnoll (26 damage)
             ... ignited by their inner flame
             ... on level 4 of the Dungeon.
             The game lasted 00:03:46 (3138 turns).

cforsyth the Chopper (MDCA)                         Turns: 3138, Time: 00:03:46

Health: -18/46     AC:  3    Str: 19    XL:     5   Next: 11%
Magic:  3/7        EV: 10    Int: 14    God:    Ignis [*****.]
Gold:   138        SH:  3    Dex:  5    Spells: 5/7 levels left

rFire   + . .        a - -1 hand axe (flame)
rCold   . . .        j - +0 buckler
rNeg    . . .        b - +0 robe
rPois   .            (no helmet)
rElec   .            (no cloak)
rCorr   .            (no gloves)
SInv    .            h - +0 pair of boots
Will    .....        (no amulet)
Stlth   +            L - ring of flight
HPRegen 0.27/turn    (no ring)
MPRegen 0.10/turn

%: no passive effects
@: flying
A: runic magic, artefact enchanting
a: Renounce Religion, Fiery Armour, Foxfire Swarm, Rising Flame


You were on level 4 of the Dungeon.
You worshipped Ignis.
Ignis was extremely pleased with you.
You visited 1 branch of the dungeon, and saw 4 of its levels.

You collected 138 gold pieces.


Innate Abilities, Weirdness & Mutations

Your spellcasting is much less encumbered by armour.
You can use scrolls of enchantment on lesser artefacts.


   Skills:
 + Level 4.0 Fighting
 + Level 4.4 Axes
 + Level 2.0 Armour
 + Level 1.6 Shields
 + Level 1.8 Spellcasting
 + Level 4.3 Fire Magic


You had 5 spell levels left.
You knew the following spells:

 Your Spells              Type           Power      Damage    Failure   Level
X - Scorch                Fire           26%        2d6       8%          2

Your spell library contained the following spells:

 Spells                   Type           Power      Damage    Failure   Level


Inventory:

Hand Weapons
 a - a -1 hand axe of flaming (weapon)
Armour
 b - a +0 robe (worn)
 h - a +0 pair of boots (worn)
 j - a +0 buckler (worn)
Magical Staves
 k - a staff of death {!a}
Jewellery
 C - a ring of ice
 L - a ring of flight (left hand)
Scrolls
 i - a scroll of identify {@r1}
 r - a scroll of vulnerability {unknown}
Potions
 c - 2 potions of curing {unknown}
 d - a potion of haste {unknown}
 f - a potion of mutation {unknown}
 g - a potion of attraction {unknown}
 m - a potion of cancellation
 n - a potion of lignification {unknown}
 p - a potion of resistance {unknown}
 q - 2 potions of magic {unknown}

Dungeon Overview and Level Annotations

Branches:
Dungeon (4/15)
 Temple: D:4-7

Altars:
Ashenzari
Gozag
Qazlal
Zin

,**,........#,,,,,,*,*
,ß*,........#*******,*
,**,........# *,*
ß**,,.......########.###**
***,,,,.......§..###....,****
***,***##....§.§.####...,,,,*
,,,,...#.#...§§§§####S##,**,*
,,,,g........§§§§####.##,**,*
,,,,.....#..g§§§@####...,**,*
,***#.#**#...§§§§####..#***,*
**,,,,,,*#...§§§§####..#***,*
*,**,*,*############...,,,,*
*,**,*,*#############.#*****
**,**,*,*#######..?....#
,,,*,,*,*##........##..#
*,,,,,*,*##.####.#.##..#
*,,,⚑,,,*##.####.#...g.#


There were no monsters in sight!


Message History

You hit the gnoll.
Flame seeps out of the gnoll.
You burn the gnoll.
Flame seeps out of the gnoll.
The gnoll is moderately wounded.
You hit the gnoll.
Flame seeps out of the gnoll.
You burn the gnoll.
Flame seeps out of the gnoll.
The gnoll hits you with a +0 club. The gnoll hits you with a +0 whip.
* * * LOW HITPOINT WARNING * * *
You block the gnoll's attack.
You barely miss the gnoll.
The gnoll is moderately wounded.
You hit the gnoll but do no damage. You block the gnoll's attack.
The gnoll misses you.
Unknown command.
You closely miss the gnoll.
The gnoll is moderately wounded.
You hit the gnoll.
Flame seeps out of the gnoll.
You burn the gnoll.
Flame seeps out of the gnoll.
You block the gnoll's attack. The gnoll closely misses you.
You hit the gnoll.
Flame seeps out of the gnoll.
You burn the gnoll. You hit the gnoll.
Flame seeps out of the gnoll.
You burn the gnoll.
Flame seeps out of the gnoll.
The gnoll explodes!
The fiery explosion engulfs the gnoll!!!
The fiery explosion engulfs you! You resist.
* * * LOW HITPOINT WARNING * * *
The gnoll explodes!
The fiery explosion engulfs you!! You resist.
Ouch! That really hurt!
You die...
Ignis goes out, and joins you in death.

Skill      XL: |  1  2  3  4 |
---------------+-------------+-----
Armour         | 1 2 |  2.0
Axes           | 4 |  4.4
Fire Magic     | 4 |  4.3
Shields        | 1 |  1.6
Fighting       | 4 |  4.0
Spellcasting   | |  1.8

Action                     |  1- 3 |  4- 6 || total
---------------------------+-------+-------++-------
  Melee: Hand axe          |    63 |    16 ||    79
   Cast: Scorch            |    14 |    34 ||    48
 Invoke: Fiery Armour      |     2 |       ||     2
    Use: Scroll            |       |     6 ||     6
 Armour: Robe              |    42 |    19 ||    61
  Dodge: Dodged            |    35 |    15 ||    50
  Block: Buckler           |     4 |     5 ||     9

Levels and vault maps discovered:
D:1:      lordsloth_arrival_two_stooges, layout_basic,
          ebering_ecumenical_altar_abandoned, nicolae_figureground_pulse
D:2:      layout_basic, basic_altar, roderic_roman_lattice,
          minmay_misc_feat_rugged, minmay_tripent
D:3:      layout_rooms, general_overflow_altar,
          chequers_temple_overflow_statue_of_worship
D:4:      layout_loops_cross, cheibriados_altar_1,
          nicolae_overflow_hidden_temple, nrook_mini_backslash,
          uniq_blork_the_orc

Notes
Turn   | Place    | Note
-------+----------+-------------------------------------------
     0 | D:1      | cforsyth the Mountain Dwarf Cinder Acolyte began the quest
                  | for the Orb.
     0 | D:1      | Reached XP level 1. HP: 19/19 MP: 2/2
   315 | D:1      | Reached XP level 2. HP: 26/26 MP: 3/3
   357 | D:1      | Found a faded altar of an unknown god.
   393 | D:1      | Learned a level 2 spell: Scorch
  1090 | D:2      | Reached skill level 1 in Armour
  1090 | D:2      | Reached XP level 3. HP: 31/31 MP: 1/5
  1184 | D:2      | Reached skill level 4 in Axes
  1184 | D:2      | Reached skill level 4 in Fire Magic
  1350 | D:2      | Found a broken altar of Ashenzari.
  1454 | D:2      | Reached skill level 1 in Shields
  1454 | D:2      | Reached XP level 4. HP: 29/40 MP: 0/6
  2670 | D:3      | Found an opulent altar of Gozag.
  2889 | D:3      | Reached skill level 4 in Fighting
  2889 | D:3      | Reached skill level 2 in Armour
  2889 | D:3      | Reached XP level 5. HP: 43/46 MP: 2/7
  3021 | D:3      | Found a stormy altar of Qazlal.
  3023 | D:3      | Found a glowing silver altar of Zin.
  3138 | D:4      | Killed by an exploding gnoll... ignited by their inner
                  | flame

Vanquished Creatures
  A bombardier beetle (D:3)
  6 adders
  3 gnolls (D:4)
  3 dart slugs
  A ribbon worm (D:2)
  2 orcs
  4 endoplasms
  A giant cockroach (D:2)
  2 goblins
  9 hobgoblins
  2 kobolds
  2 quokkas
  5 ball pythons
  5 bats
  4 frilled lizards (D:2)
  4 rats
54 creatures vanquished.

Table legend: (Time is in decaauts)
 A = Elapsed time spent in this place.
 B = Non-inter-level travel time spent in this place.
 C = Inter-level travel time spent in this place.
 D = Time resting spent in this place.
 E = Time spent auto-exploring this place.
 F = Levels seen in this place.
 G = Mean time per level.
                   A        B        C        D        E       F      G
               +--------+--------+--------+--------+--------+-----+--------+
         Total |   3150 |   3104 |     46 |    175 |   2498 |   4 |  787.5 |
       Dungeon |   3150 |   3104 |     46 |    175 |   2498 |   4 |  787.5 |
               +--------+--------+--------+--------+--------+-----+--------+

Top non-repeatable levels by time:
     D:2: 1471 daAuts
     D:1: 958 daAuts
     D:3: 647 daAuts
     D:4: 73 daAuts

Table legend:
 A = Non-vault XP
 B = Vault XP
 C = Vault XP percentage of total XP
 D = Non-vault monster count
 E = Vault monster count
 F = Vault count percentage of total count
                 A         B        C        D         E       F
            +---------+---------+-------+---------+---------+-------
      Total |     238 |       8 |   3.3 |      52 |       2 |   3.7
            +---------+---------+-------+---------+---------+-------
        D:1 |      25 |       0 |   0.0 |      14 |       0 |   0.0
        D:2 |      96 |       8 |   7.7 |      23 |       2 |   8.0
        D:3 |      74 |       0 |   0.0 |      11 |       0 |   0.0
        D:4 |      43 |       0 |   0.0 |       4 |       0 |   0.0
            +---------+---------+-------+---------+---------+-------
